 Dungeon Sprint DCSS version 0.21.2 (webtiles) character file.

4170 Fang the Cleaver (level 10, -1/112 HPs)
             Began as a Gargoyle Berserker on Oct 16, 2018.
             Was the Champion of Trog.
             Killed by divine providence
             ... invoked by a smoke demon
             ... summoned by a kobold demonologist
              (13 damage)
             ... in the Dungeon (Sprint VII: "The Pits").
             The game lasted 00:02:31 (1710 turns).

Fang the Cleaver (Gargoyle Berserker)               Turns: 1710, Time: 00:02:32

Health: -1/112     AC: 24    Str: 28    XL:     10   Next: 28%
Magic:  3/3        EV: 14    Int:  9    God:    Trog [******]
Gold:   0          SH:  0    Dex: 12    Spells: 9/9 levels left

rFire    . . .     SeeInvis .   b - +2 battleaxe (antimagic)
rCold    . . .     Gourm    .   (shield currently unavailable)
rNeg     + . .     Faith    .   o - +2 plate armour
rPois    ∞         Spirit   .   (no helmet)
rElec    +         Reflect  .   (no cloak)
rCorr    .         Harm     .   (no gloves)
MR       .....     NoTele   +   (no boots)
Stlth    ..........             (no amulet)
HPRegen  0.28/turn              m - +3 ring of evasion
MPRegen  0.08/turn              q - +3 ring of dexterity

@: berserking, very quick
A: negative energy resistance 1, electricity resistance, unbreathing,
petrification resistance, rot immunity, AC +7
a: Berserk, Trog's Hand, Brothers in Arms, Burn Spellbooks, Renounce Religion


You were in the Dungeon.
You worshipped Trog.
Trog was exalted by your worship.
You were very hungry.

You visited 1 branch

Inventory:

Hand Weapons
 b - a +2 antimagic battleaxe (weapon)
 n - a +1 hand axe of freezing
 s - a +1 broad axe of chopping
Armour
 o - a +2 plate armour (worn)
Jewellery
 m - a +3 ring of evasion (left hand)
 q - a +3 ring of dexterity (right hand)
Scrolls
 i - a scroll of blinking
 k - 3 scrolls of remove curse
 l - a scroll of summoning
Potions
 a - 2 potions of invisibility
 d - 8 potions of curing
 e - 9 potions of heal wounds
 f - a potion of haste
 g - 4 potions of magic
 h - 4 potions of berserk rage
 p - 2 potions of brilliance
 r - a potion of agility
Comestibles
 c - 6 rations


   Skills:
 + Level 14.0 Fighting
 + Level 14.2 Axes
 + Level 10.9 Armour
 + Level 6.3 Dodging
 + Level 1.1 Stealth


You had 9 spell levels left.
You didn't know any spells.

Dungeon Overview and Level Annotations

Branches:
Dungeon (1/1)

Altars:
Ashenzari
Cheibriados
Dithmenos
Elyvilon
Fedhas
Gozag
Hepliaklqana
Kikubaaqudgha
Makhleb
Nemelex Xobeh
Okawaru
Qazlal
Ru
Sif Muna
Trog
Uskayaw
Vehumet
Wu Jian
Xom
Yredelemnul
Zin
The Shining One
Beogh
Jiyva
Lugonu


Innate Abilities, Weirdness & Mutations

You are resistant to torment.
Your stone body is resilient. (AC +7)
You are immune to poison.
You resist negative energy. (rN+)
You are resistant to electric shocks. (rElec)
You can survive without breathing.
You are immune to petrification.
You are immune to rotting.


Message History

The merfolk misses you.
The iron imp hits you but does no damage.
The smoke demon gestures at you. Something smites you!
* * * LOW HITPOINT WARNING * * *
You cut the iron imp into ribbons!!!
You kill the iron imp!
You barely miss the soul eater. You slash the smoke demon!
The smoke demon's magic leaks into the air.
You are engulfed in a cloud of scalding steam.
The merfolk hits you from afar with a trident.
* * * LOW HITPOINT WARNING * * *
You closely miss the kobold. You hit the soul eater.
The soul eater's magic leaks into the air.
You hit the smoke demon but do no damage.
You are engulfed in a cloud of scalding steam.
* * * LOW HITPOINT WARNING * * *
The smoke demon gestures at you. Something smites you!
You die...

####'#####''######
#.......##''#####
#.......##......#
#.......##......#
#...<...###....## ##
#.......# ##''## ##..+
#.......###...§###m5..#
#.......##.....§#3...#
##########......@KK..+
##########......#3.4.#
...#..[[###....###....#
...#..[[# ##''## ##..+
...'..))# #....# ##
...#..))##......#
...#..))##......#
#################


You could see a soul eater, a merfolk, a hellwing, a kobold demonologist, a
smoke demon, a shadow imp and a kobold.

Vanquished Creatures
  A great orb of eyes (D)
  A flayed ghost (D)
  A deep elf mage (D)
  A rime drake (D)
  A kobold demonologist (D)
  An ice devil (D)
  4 blink frogs (D)
  A basilisk (D)
  2 hungry ghosts (D)
  A water moccasin (D)
  A floating eye (D)
  A bullfrog (D)
  5 wights (D)
  2 crimson imps (D)
  A worker ant (D)
  A gnoll (D)
  2 oozes (D)
  An adder skeleton (D)
  4 orcs (D)
  3 giant cockroaches (D)
  A hobgoblin (D)
  2 jackals (D)
  3 kobolds (D)
  2 quokkas (D)
  A bat (D)
  A frilled lizard (D)
45 creatures vanquished.

Notes
Turn   | Place    | Note
-------+----------+-------------------------------------------
     0 | D        | Fang the Gargoyle Berserker began the quest for the Orb.
     0 | D        | Reached XP level 1. HP: 14/14 MP: 1/1
   251 | D        | Found a bloodstained altar of Trog.
   251 | D        | Found a deep blue altar of Sif Muna.
   251 | D        | Found a viscous altar of Jiyva.
   251 | D        | Found a hazy altar of Hepliaklqana.
   251 | D        | Found an opulent altar of Gozag.
   252 | D        | Found a glowing golden altar of the Shining One.
   252 | D        | Found a glowing silver altar of Zin.
   252 | D        | Found a basalt altar of Yredelemnul.
   252 | D        | Found a shimmering altar of Xom.
   252 | D        | Found an ornate altar of the Wu Jian Council.
   252 | D        | Found a sacrificial altar of Ru.
   252 | D        | Found a stormy altar of Qazlal.
   252 | D        | Found an iron altar of Okawaru.
   252 | D        | Found a sparkling altar of Nemelex Xobeh.
   252 | D        | Found a burning altar of Makhleb.
   252 | D        | Found a blossoming altar of Fedhas.
   252 | D        | Found a white marble altar of Elyvilon.
   252 | D        | Found a shadowy altar of Dithmenos.
   252 | D        | Found a snail-covered altar of Cheibriados.
   254 | D        | Found a radiant altar of Vehumet.
   254 | D        | Found a corrupted altar of Lugonu.
   254 | D        | Found a roughly hewn altar of Beogh.
   296 | D        | Reached ** piety under Trog
   338 | D        | Noticed a worker ant
   346 | D        | Killed a worker ant
   346 | D        | Reached skill level 5 in Fighting
   346 | D        | Reached XP level 2. HP: 12/21 MP: 2/2
   346 | D        | Reached XP level 3. HP: 15/26 MP: 3/3
   654 | D        | Reached *** piety under Trog
   772 | D        | Noticed a floating eye
   774 | D        | Noticed a bullfrog
   774 | D        | Paralysed by a floating eye for 2 turns
   776 | D        | Killed a floating eye
   776 | D        | Reached XP level 4. HP: 34/34 MP: 4/4
   776 | D        | Reached XP level 5. HP: 38/38 MP: 5/5
   777 | D        | Reached **** piety under Trog
   790 | D        | Reached ***** piety under Trog
   794 | D        | Reached XP level 6. HP: 45/45 MP: 6/6
   805 | D        | Noticed a deep elf mage
   819 | D        | Killed a deep elf mage
   819 | D        | Reached skill level 10 in Fighting
   819 | D        | Reached skill level 10 in Axes
   819 | D        | Reached skill level 5 in Armour
   819 | D        | Reached skill level 5 in Dodging
   819 | D        | Reached XP level 7. HP: 53/53 MP: 7/7
   856 | D        | Noticed a basilisk
   870 | D        | Killed a basilisk
   915 | D        | Received a gift from Trog
   915 | D        | Reached XP level 8. HP: 58/60 MP: 8/8
   924 | D        | Noticed a blink frog
   924 | D        | Noticed a blink frog
   924 | D        | Noticed a blink frog
   924 | D        | Noticed a blink frog
   929 | D        | Killed a blink frog
   938 | D        | Killed a blink frog
   950 | D        | Killed a blink frog
   963 | D        | Reached XP level 9. HP: 22/66 MP: 3/9
   969 | D        | Reached ****** piety under Trog
   969 | D        | Received a gift from Trog
  1347 | D        | Found a hide-covered altar of Uskayaw.
  1347 | D        | Found an ancient bone altar of Kikubaaqudgha.
  1347 | D        | Found a shattered altar of Ashenzari.
  1374 | D        | Noticed a rime drake
  1385 | D        | Killed a rime drake
  1449 | D        | Noticed a flayed ghost
  1449 | D        | Noticed an ice devil
  1460 | D        | Killed a flayed ghost
  1469 | D        | Killed an ice devil
  1469 | D        | Reached skill level 10 in Armour
  1696 | D        | Noticed a merfolk
  1696 | D        | Noticed a kobold demonologist
  1696 | D        | Noticed a kobold demonologist
  1696 | D        | Noticed a great orb of eyes
  1698 | D        | Received a gift from Trog
  1703 | D        | Noticed a smoke demon
  1704 | D        | Noticed a soul eater
  1704 | D        | Killed a great orb of eyes
  1704 | D        | Reached skill level 1 in Stealth
  1704 | D        | Reached XP level 10. HP: 59/74 MP: 3/10
  1705 | D        | Received a gift from Trog
  1707 | D        | Killed a kobold demonologist
  1710 | D        | Killed from afar by a smoke demon

Skill      XL: |  1  2  3  4  5  6  7  8  9 10 |
---------------+-------------------------------+-----
Axes           | 4 6 7 10 12 14 | 14.2
Fighting       | 5 7 8 10 11 12 13 14 | 14.0
Dodging        | 2 3 4 5 6 |  6.3
Armour         | 3 4 5 6 10 | 10.9
Stealth        | 1 |  1.1

Action                   |  1- 3 |  4- 6 |  7- 9 | 10-12 || total
-------------------------+-------+-------+-------+-------++-------
Melee: Hand axe          |    30 |    27 |    37 |       ||    94
       Battleaxe         |       |       |    91 |     5 ||    96
Invok: Berserk           |     2 |     1 |     3 |     1 ||     7
  Use: Potion            |       |       |     1 |       ||     1
  Eat: Chunk             |     1 |       |     4 |       ||     5
       Ration            |       |       |     3 |       ||     3
Armor: Animal skin       |     9 |       |       |       ||     9
       Plate armour      |     3 |    23 |   115 |     7 ||   148
Dodge: Dodged            |    12 |    17 |    79 |     7 ||   115
